AoeStats
← JPN-上原亞衣

African Clearing

505490266Analyzed
4v4 RM · 23d ago on Sep 9, 2026· 43m 36s· 8 players
Game mode
Random Map
Map size
Large (8 player)
Population
200
Speed
Normal
Resources
Standard
Victory
Conquest
Starting age
Dark Age
Ending age
Imperial Age
RankedLock teamsTeams togetherTeam positionsShared explorationLock speedFull tech treeHidden civsTurbo modeCheats
Victory
Defeat
🇹🇼 Cumans · Taiwan
1508
+7
🇹🇼 Tatars · Taiwan
1473
+8
🇹🇼 Persians · Taiwan
1406
+11
🇹🇼 Huns · Taiwan
966
+26
🇮🇹 Berbers · Italy
1331
-15
🇨🇦 Mongols · Canada
1277
-13
🇲🇽 Huns · Mexico
1268
-13
🇹🇼 Spanish · Taiwan
1225
-11
[GDL] HANNIBAL
5:08 Loom
12:25 Feudal Age
13:13 Double-Bit Axe
16:28 Bloodlines
19:07 Scale Mail Armor
19:18 Scale Barding Armor
24:23 Castle Age
24:25 Light Cavalry
Mandingo
13:41 Feudal Age
14:21 Loom
14:24 Double-Bit Axe
15:17 Wheelbarrow
18:00 Scale Barding Armor
19:43 Forging
24:43 Castle Age
22:44 Stone Mining
23:16 Gold Mining
23:25 Fletching
24:38 Horse Collar
25:02 Padded Archer Armor
26:45 Bow Saw
26:33 Bodkin Arrow
Jac
3:10 Loom
14:34 Feudal Age
18:17 Forging
18:13 Scale Barding Armor
24:22 Castle Age
Tree_Goldberg
3:54 Loom
13:57 Feudal Age
18:21 Castle Age
17:26 Double-Bit Axe
17:39 Horse Collar
22:21 Padded Archer Armor
25:27 Leather Archer Armor
27:20 Wheelbarrow
26:47 Husbandry
27:20 Bloodlines
29:04 Bow Saw
30:01 Town Watch
30:12 Fletching
40:11 Herbal Medicine
TAG_Wayne
7:29 Loom
15:02 Feudal Age
15:57 Double-Bit Axe
18:37 Castle Age
17:39 Fletching
19:43 Bodkin Arrow
21:29 Gold Mining
22:19 Padded Archer Armor
22:06 Town Watch
24:05 Husbandry
24:45 Bloodlines
29:16 Wheelbarrow
29:20 Gold Shaft Mining
29:13 Horse Collar
29:48 Bow Saw
30:37 Bloodlines
31:38 Leather Archer Armor
33:06 Hand Cart
34:35 Ballistics
39:19 Imperial Age
39:08 Silk Armor
39:20 Heavy Cavalry Archer
40:02 Bracer
41:04 Chemistry
40:51 Ring Archer Armor
Shou
12:20 Feudal Age
13:59 Loom
14:06 Double-Bit Axe
17:04 Castle Age
16:17 Scale Barding Armor
16:59 Bloodlines
18:22 Bow Saw
21:07 Horse Collar
30:48 Wheelbarrow
31:58 Chain Barding Armor
33:51 Heavy Plow
34:53 Husbandry
35:30 Bow Saw
36:43 Forging
37:30 Hand Cart
38:14 Iron Casting
41:18 Imperial Age
40:00 Town Watch
40:10 Gold Mining
41:33 Gold Shaft Mining
40:54 Cavalier
42:11 Plate Barding Armor
42:37 Blast Furnace
41:58 Conscription
42:16 Crop Rotation
42:47 Two-Man Saw
42:02 Heavy Camel Rider
42:02 Savar
43:02 Fletching
平凡自在
3:55 Loom
14:34 Feudal Age
15:32 Double-Bit Axe
20:39 Castle Age
18:52 Horse Collar
19:43 Town Watch
23:29 Fletching
26:10 Husbandry
26:35 Ballistics
28:14 Bodkin Arrow
32:54 Bow Saw
34:43 Heavy Plow
36:05 Wheelbarrow
42:10 Padded Archer Armor
JPN-上原亞衣
9:00 Loom
9:28 Loom
12:09 Feudal Age
15:31 Double-Bit Axe
15:54 Horse Collar
17:50 Wheelbarrow
23:45 Castle Age
21:40 Gold Mining
23:44 Bloodlines
24:11 Scale Barding Armor
26:17 Town Watch
27:05 Hand Cart
28:51 Chain Barding Armor
28:45 Capped Ram
30:34 Stone Mining
30:53 Light Cavalry
32:21 Forging
38:17 Imperial Age
37:05 Iron Casting
37:59 Gold Shaft Mining
39:00 Bow Saw
39:49 Plate Barding Armor
38:52 Cavalier
41:25 Conscription
40:38 Siege Ram
41:46 Heavy Plow
42:10 Paladin
Connection lost

Rejoining the realm…

Still unreachable

The connection could not be restored.

Session expired

The server has moved on; the page needs a fresh start.